 Dungeon Crawl Stone Soup version 0.28-a0-1152-g9c71ebef14 (webtiles) character file.

Game seed: 15795249231794446654

50 spaghetti the Skirmisher (level 3, -2/31 HPs)
             Began as a Mummy Delver on Dec 14, 2021.
             Slain by a necrophage (4 damage)
             ... on level 4 of the Dungeon.
             The game lasted 00:01:28 (1470 turns).

spaghetti the Skirmisher (Mummy Delver)             Turns: 1470, Time: 00:01:29

Health: -2/31      AC:  3    Str: 17    XL:     3   Next: 55%
Magic:  3/3        EV: 11    Int:  9    God:
Gold:   0          SH:  0    Dex: 13    Spells: 2/2 levels left

rFire   x . .      SeeInvis .   a - +0 falchion {long}
rCold   + . .      Faith    .   (no shield)
rNeg    + + +      Spirit   .   b - +0 leather armour
rPois   ∞          Reflect  .   (no helmet)
rElec   .          Harm     .   (no cloak)
rCorr   .          Rampage  .   (no gloves)
Will    .....                   (no boots)
Stlth   ++........              g - amulet of the acrobat
HPRegen 0.10/turn               (no ring)
MPRegen 0.08/turn               (no ring)

@: no status effects
A: cold resistance 1, negative energy resistance 3, torment resistance 2, heat
vulnerability 1, no potions
a: no special abilities


You were on level 4 of the Dungeon.
You visited 2 branches of the dungeon, and saw 3 of its levels.


Innate Abilities, Weirdness & Mutations

You are immune to poison.
Your flesh is cold resistant. (rC+)
You are immune to negative energy. (rN+++)
You are immune to unholy pain and torment.
You are vulnerable to heat. (rF-)
You do not drink.


   Skills:
 + Level 4.6 Fighting
 - Level 1.5 Long Blades
 - Level 1.5 Dodging
 - Level 4.1 Stealth


You had 2 spell levels left.
You didn't know any spells.
Your spell library was empty.

Inventory:

Hand Weapons
 a - a +0 falchion (weapon) {long}
Missiles
 h - 19 sling bullets
Armour
 b - a +0 leather armour (worn)
Jewellery
 g - an amulet of the acrobat (around neck)
   (You found it on level 5 of the Dungeon)
Wands
 f - a wand of digging (3)
Scrolls
 c - a scroll of fog
 d - a scroll of magic mapping {!r}

Dungeon Overview and Level Annotations

Branches:
Dungeon (5/15)             Temple (1/1) D:4

Altars:
Ashenzari
Gozag
Hepliaklqana
Nemelex Xobeh
Sif Muna
Uskayaw
Vehumet
Wu Jian
Zin
The Shining One

.....!.
...... .....
....
#############
#8.........8#
#..)n⌠.⌠....#
#..@.....>..#
#....⌠.⌠.)..#
#8.........8#
#############
..s. ......
###....
#..... ....


You could see a necrophage and a scorpion.


Message History

The gnoll hits you from afar with a +0 spear.
There is a stone staircase leading up here. 😕 HP[-3]
You take 3 damage, and now have 27/30 hp.
The gnoll completely misses you.
You hit the gnoll but do no damage.
The gnoll hits you with a +0 spear. 😕 HP[-1]
You take 1 damage, and now have 26/30 hp.
You hit the gnoll. The gnoll closely misses you.
You hit the gnoll. The gnoll hits you with a +0 spear.
The gnoll hits you with a +0 spear!
* * * LOW HITPOINT WARNING * * *
😨 HP[-11]
You take 11 damage, and now have 15/30 hp.
MASSIVE DAMAGE!! (PAUSE)
You hit the gnoll.
You kill the gnoll! 😮 HP[+1]
You now have 31 max hp (+1).
A gnoll comes into view. It is wielding a +0 halberd. 😮 HP[+1]
There is a stone staircase leading up here.
You climb upwards.
There is a stone staircase leading down here.
Unknown command.
You start resting. 😎 HP[+14]
Your hp is fully restored (31).
You climb downwards.
The gnoll hits you with a +0 spear. x2
There is a stone staircase leading up here. 😮 HP[-9]
You take 9 damage, and now have 22/31 hp.
MASSIVE DAMAGE!! (PAUSE)
You hit the gnoll. The gnoll closely misses you.
You hit the gnoll.
The gnoll hits you with a +0 spear. 😮 HP[-2]
You take 2 damage, and now have 20/31 hp.
You hit the gnoll. The gnoll barely misses you.
The gnoll hits you with a +0 spear. 😮 HP[-4]
You take 4 damage, and now have 16/31 hp.
Unknown command.
You closely miss the gnoll. The gnoll hits you with a +0 spear.
* * * LOW HITPOINT WARNING * * *
😨 HP[-4]
You take 4 damage, and now have 12/31 hp.
Unknown command.
You hit the gnoll. The gnoll closely misses you.
You hit the gnoll.
You kill the gnoll! 😨 HP[+1]
You start resting.
A necrophage comes into view. 😨 HP[+1]
You climb upwards.
There is a stone staircase leading down here.
You start resting. 😎 HP[+17]
Your hp is fully restored (31).
You climb downwards.
There is a stone staircase leading up here.
The gnoll shouts!
You hit the necrophage. The necrophage barely misses you.
You completely miss the necrophage. The necrophage hits you. 😕 HP[-3]
You take 3 damage, and now have 28/31 hp.
You slash the necrophage! The necrophage hits you.
The necrophage hits you but does no damage. 😕 HP[-2]
You take 2 damage, and now have 26/31 hp.
Unknown command.
Unknown command.
You hit the necrophage but do no damage.
The necrophage barely misses you. The gnoll completely misses you.
You closely miss the necrophage. The necrophage closely misses you.
The gnoll barely misses you.
You barely miss the necrophage. The necrophage hits you.
The gnoll hits you from afar with a +0 halberd!
* * * LOW HITPOINT WARNING * * *
😨 HP[-15]
You take 15 damage, and now have 11/31 hp.
MASSIVE DAMAGE!! (PAUSE) Unknown command.
Unknown command.
The necrophage hits you.
* * * LOW HITPOINT WARNING * * *
The gnoll closely misses you.
You climb upwards.
There is a stone staircase leading down here. 😱 HP[-5]
You take 5 damage, and now have 6/31 hp.
Unknown command.
Okay, then.
You can't drink.
Okay, then.
You hit the necrophage but do no damage.
The necrophage hits you.
* * * LOW HITPOINT WARNING * * *
The necrophage hits you.
You die...

Skill      XL: |  1  2 |
---------------+-------+-----
Fighting       | 4 |  4.6
Long Blades    | |  1.5
Dodging        | |  1.5
Stealth        | |  4.1

Action                   || total
-------------------------++-------
Melee: Falchion          ||    42
  Use: Scroll            ||     2
Armor: Leather armour    ||     7
Dodge: Dodged            ||    34

Levels and vault maps discovered:
D:4:      layout_basic, mainiacjoe_overflow_alcove_1,
          minmay_temple_entry_from_below_b, hangedman_abyss_or_decor_stagger
D:5:      layout_basic, serial_shops, nicolae_shop_bloodbath_and_beyond,
          minivault_23
Temple:   compressed_dpeg_circular_temple

Notes
Turn   | Place    | Note
-------+----------+-------------------------------------------
     0 | D:5      | spaghetti the Mummy Delver began the quest for the Orb.
     0 | D:5      | Reached XP level 1. HP: 18/18 MP: 1/1
     0 | D:5      | magus.rc [v1.9.6]
    27 | D:4      | Found a staircase to the Ecumenical Temple.
    35 | Temple   | Entered the Ecumenical Temple
   190 | D:4      | Reached XP level 2. HP: 12/24 MP: 2/2
   199 | D:4      | Noticed a scorpion
   335 | D:4      | HP: 6/24 [gnoll (2)]
   759 | D:4      | HP: 6/25 [gnoll (9)]
   762 | D:4      | Reached skill level 4 in Fighting
   762 | D:4      | Reached XP level 3. HP: 4/30 MP: 3/3
  1295 | D:5      | Noticed a necrophage
  1468 | D:5      | HP: 6/31 [necrophage (5)]
  1470 | D:4      | HP: 2/31 [necrophage (4)]
  1470 | D:4      | Slain by a necrophage

Vanquished Creatures
  4 gnolls
  An adder (D:4)
5 creatures vanquished.

Table legend:
 A = Non-vault XP
 B = Vault XP
 C = Vault XP percentage of total XP
 D = Non-vault monster count
 E = Vault monster count
 F = Vault count percentage of total count
                 A         B        C        D         E       F
            +---------+---------+-------+---------+---------+-------
      Total |      72 |       0 |   0.0 |       5 |       0 |   0.0
            +---------+---------+-------+---------+---------+-------
        D:4 |      43 |       0 |   0.0 |       3 |       0 |   0.0
        D:5 |      29 |       0 |   0.0 |       2 |       0 |   0.0
            +---------+---------+-------+---------+---------+-------

Illustrated notes

Table legend:
 A = Kills in this place as a percentage of kills in entire the game.
 B = Kills by you in this place as a percentage of kills by you in the entire game.
 C = Kills by friends in this place as a percentage of kills by friends in the entire game.
 D = Other kills in this place as a percentage of other kills in the entire game.
 E = Experience gained in this place as a percentage of experience gained in the entire game.
 F = Experience gained in this place divided by the number of levels of this place that you have seen.
                   A       B       C       D       E      F
               +-------+-------+-------+-------+-------+----------------------
         Total | 100.0 | 100.0 |   N/A |   N/A | 100.0 |  24.0
       Dungeon | 100.0 | 100.0 |   N/A |   N/A | 100.0 |  36.0
               +-------+-------+-------+-------+-------+----------------------

Table legend: (Time is in decaauts)
 A = Elapsed time spent in this place.
 B = Non-inter-level travel time spent in this place.
 C = Inter-level travel time spent in this place.
 D = Time resting spent in this place.
 E = Time spent auto-exploring this place.
 F = Levels seen in this place.
 G = Mean time per level.
                   A        B        C        D        E       F      G
               +--------+--------+--------+--------+--------+-----+--------+
         Total |   1487 |   1460 |     27 |   1201 |    114 |   3 |  495.7 |
       Dungeon |   1148 |   1133 |     15 |    996 |     11 |   2 |  574.0 |
        Temple |    338 |    326 |     12 |    205 |    103 |   1 |  338.0 |
               +--------+--------+--------+--------+--------+-----+--------+

Top non-repeatable levels by time:
     D:4: 1061 daAuts
  Temple: 338 daAuts
     D:5: 86 daAuts
